 Dungeon Crawl Stone Soup version 0.23-a0-241-g3b46b076a4 (webtiles) character file.

475 PikkenKukken the Insei (level 7, -1/52 HPs)
             Began as a Gnoll Transmuter on Sept 28, 2018.
             Slain by a worker ant (3 damage)
             ... while paralysed by Grinder
             ... on level 4 of the Dungeon.
             The game lasted 00:10:18 (3861 turns).

PikkenKukken the Insei (Gnoll Transmuter)           Turns: 3861, Time: 00:10:18

Health: -1/52      AC:  4    Str: 12    XL:     7   Next: 10%
Magic:  11/15      EV:  2    Int: 18    God:
Gold:   274        SH:  0    Dex: 15    Spells: 14/17 levels left

rFire    . . .     SeeInvis .   l - +2 dagger (vamp)
rCold    . . .     Gourm    .   (no shield)
rNeg     . . .     Faith    .   b - +0 robe
rPois    .         Spirit   .   j - +0 hat
rElec    .         Reflect  .   (no cloak)
rCorr    .         Harm     .   h - +1 pair of gloves
MR       .....                  (no boots)
Stlth    ++........             (no amulet)
HPRegen  0.17/turn              (no ring)
MPRegen  0.14/turn              (no ring)

@: paralysed
A: distributed training, fangs 1, strong nose
a: no special abilities


You were on level 4 of the Dungeon.
You were very hungry.

You visited 1 branch of the dungeon, and saw 4 of its levels.

You collected 274 gold pieces.

Inventory:

Hand Weapons
 l - a +2 vampiric dagger (weapon)
Missiles
 a - 26 arrows
Armour
 b - a +0 robe (worn)
 h - a +1 pair of gloves (worn)
 j - a +0 hat (worn)
Scrolls
 k - a scroll of blinking
 m - a scroll of fog
 q - a scroll of teleportation
Potions
 c - a potion of agility
 e - a potion of lignification
 g - 3 potions of flight
 i - a potion of cancellation {unknown}
 p - a potion of magic {unknown}
Comestibles
 d - 2 rations


   Skills:
 + Level 3.4 Fighting
 + Level 2.2 Short Blades
 + Level 2.2 Long Blades
 + Level 2.2 Axes
 + Level 2.2 Maces & Flails
 + Level 2.2 Polearms
 + Level 2.2 Staves
 + Level 2.2 Slings
 + Level 2.2 Bows
 + Level 2.2 Crossbows
 + Level 2.2 Throwing
 + Level 2.2 Armour
 + Level 5.1 Dodging
 + Level 2.2 Stealth
 + Level 2.2 Shields
 + Level 6.9 Unarmed Combat
 + Level 5.5 Spellcasting
 + Level 1.8 Conjurations
 + Level 1.8 Hexes
 + Level 1.8 Charms
 + Level 1.8 Summonings
 + Level 1.8 Necromancy
 + Level 1.8 Translocations
 + Level 4.2 Transmutations
 + Level 1.8 Fire Magic
 + Level 1.8 Ice Magic
 + Level 1.8 Air Magic
 + Level 1.8 Earth Magic
 + Level 1.8 Poison Magic
 + Level 2.4 Invocations
 + Level 2.2 Evocations


You had 14 spell levels left.
You knew the following spells:

 Your Spells              Type           Power        Failure   Level  Hunger
a - Beastly Appendage     Tmut           ###...       2%          1    None
b - Sticks to Snakes      Tmut           ###.....     3%          2    #......

Your spell library contained the following spells:

 Spells                   Type           Power        Failure   Level  Hunger
 Spider Form              Tmut/Pois      ###.......   11%         3    ##.....
 Ice Form                 Ice/Tmut       ###.....     36%         4    ####...
 Blade Hands              Tmut           ###.......   52%         5    ######.


Dungeon Overview and Level Annotations

Branches:
Dungeon (4/15)
 Temple: D:4-7

Altars:

Annotations:
D:4 Grinder


Innate Abilities, Weirdness & Mutations

Your experience applies equally to all skills.
You have very sharp teeth.
Your uncanny sense of smell can sniff out nearby items.


Message History

Things that are here:
a leather armour; a morningstar Your ball python withers and dies! x2
A worker ant comes into view.
Grinder gestures at you.
You suddenly lose the ability to move!
Grinder hits you.
You writhe in agony.
* * * LOW HITPOINT WARNING * * *
Your ball python bites Grinder.
Your ball python grabs Grinder.
Your ball python constricts Grinder.
Your ball python loses its grip on Grinder.
Your ball python withers and dies!
Grinder hits you.
* * * LOW HITPOINT WARNING * * *
Grinder hits you.
* * * LOW HITPOINT WARNING * * *
You writhe in agony.
* * * LOW HITPOINT WARNING * * *
The worker ant bites you.
You die...

#.######........#..##.# ###
#..............##..##.# #..##
###......#..#####.###.# #...#
.......#........###.# #.#.#
....#........#..##..# #.#.##
.........##......#.####...<#
#......####......#.###.....##
#...... #..a5..#.##..<....##
.....# #.#...@..#.##........#
..... #(.......#.##........#
..... ##.......#.###)....#..#
∆ #.............)...##.#
#....###....[......#.# #....#
#..##.))[...#.# ∆ ♣PPP♣♣
#..##.......# ♣♣PP.
#..###.....## ♣♣. #.##
##....#


You could see Grinder and a worker ant.

Vanquished Creatures
  A hungry ghost (D:4)
  A phantom (D:3)
  A gnoll shaman (D:3)
  A hound (D:4)
  A worker ant (D:4)
  Robin (D:4)
  5 adders
  4 gnolls (D:3)
  A river rat (D:3)
  3 worms
  4 leopard geckos
  7 orcs
  3 ball pythons
  4 giant cockroaches
  10 goblins
  3 hobgoblins
  4 jackals (D:1)
  4 quokkas
  4 bats
  6 frilled lizards
  5 kobolds
  7 rats
80 creatures vanquished.

Vanquished Creatures (collateral kills)
  A centaur skeleton (D:4)
  An adder (D:4)
  2 orcs (D:4)
  A giant cockroach (D:3)
  3 hobgoblins (D:4)
8 creatures vanquished.

Grand Total: 88 creatures vanquished

Notes
Turn   | Place    | Note
-------+----------+-------------------------------------------
     0 | D:1      | PikkenKukken the Gnoll Transmuter began the quest for the
                  | Orb.
     0 | D:1      | Reached XP level 1. HP: 17/17 MP: 6/6
    77 | D:1      | Reached XP level 2. HP: 17/23 MP: 5/7
   373 | D:1      | Learned a level 2 spell: Sticks to Snakes
   806 | D:2      | Reached skill level 5 in Spellcasting
   806 | D:2      | Reached XP level 3. HP: 18/28 MP: 7/9
  1210 | D:2      | Reached skill level 1 in Invocations
  1619 | D:2      | Reached skill level 1 in Short Blades
  1619 | D:2      | Reached skill level 1 in Long Blades
  1619 | D:2      | Reached skill level 1 in Axes
  1619 | D:2      | Reached skill level 1 in Maces & Flails
  1619 | D:2      | Reached skill level 1 in Polearms
  1619 | D:2      | Reached skill level 1 in Staves
  1619 | D:2      | Reached skill level 1 in Slings
  1619 | D:2      | Reached skill level 1 in Bows
  1619 | D:2      | Reached skill level 1 in Crossbows
  1619 | D:2      | Reached skill level 1 in Throwing
  1619 | D:2      | Reached skill level 1 in Armour
  1619 | D:2      | Reached skill level 1 in Stealth
  1619 | D:2      | Reached skill level 1 in Shields
  1619 | D:2      | Reached skill level 1 in Evocations
  1619 | D:2      | Reached XP level 4. HP: 25/34 MP: 9/11
  2095 | D:3      | Reached skill level 1 in Conjurations
  2095 | D:3      | Reached skill level 1 in Hexes
  2095 | D:3      | Reached skill level 1 in Charms
  2095 | D:3      | Reached skill level 1 in Summonings
  2095 | D:3      | Reached skill level 1 in Necromancy
  2095 | D:3      | Reached skill level 1 in Translocations
  2095 | D:3      | Reached skill level 1 in Fire Magic
  2095 | D:3      | Reached skill level 1 in Ice Magic
  2095 | D:3      | Reached skill level 1 in Air Magic
  2095 | D:3      | Reached skill level 1 in Earth Magic
  2095 | D:3      | Reached skill level 1 in Poison Magic
  2430 | D:3      | Reached XP level 5. HP: 32/40 MP: 12/12
  3241 | D:4      | Noticed Robin
  3254 | D:4      | Killed Robin
  3254 | D:4      | Reached XP level 6. HP: 36/47 MP: 9/13
  3488 | D:4      | Noticed Grinder
  3488 | D:4      | Noticed a hungry ghost
  3490 | D:4      | Paralysed by Grinder for 7 turns
  3490 | D:4      | Noticed a phantom
  3624 | D:3      | Killed a phantom
  3624 | D:3      | Reached skill level 5 in Dodging
  3837 | D:4      | Killed a hungry ghost
  3837 | D:4      | Reached XP level 7. HP: 23/52 MP: 8/15
  3857 | D:4      | Paralysed by Grinder for 5 turns
  3860 | D:4      | HP: 2/52 [Grinder (4)]
  3861 | D:4      | Slain by a worker ant

Vault maps used:
D:1:      dpeg_arrival_long_road, kennysheep_boxes
D:3:      gup_sewer_entry_spiral, kennysheep_generic_room_10
D:4:      first_ration, uniq_crazy_yiuf_cottage, uniq_robin, uniq_grinder

Skill      XL: |  1  2  3  4  5  6 |
---------------+-------------------+-----
Spellcasting   | 5 |  5.5
Invocations    | 1 2 |  2.4
Short Blades   | 1 2 |  2.2
Long Blades    | 1 2 |  2.2
Axes           | 1 2 |  2.2
Maces & Flails | 1 2 |  2.2
Polearms       | 1 2 |  2.2
Staves         | 1 2 |  2.2
Slings         | 1 2 |  2.2
Bows           | 1 2 |  2.2
Crossbows      | 1 2 |  2.2
Throwing       | 1 2 |  2.2
Armour         | 1 2 |  2.2
Stealth        | 1 2 |  2.2
Shields        | 1 2 |  2.2
Evocations     | 1 2 |  2.2
Conjurations   | 1 |  1.8
Hexes          | 1 |  1.8
Charms         | 1 |  1.8
Summonings     | 1 |  1.8
Necromancy     | 1 |  1.8
Translocations | 1 |  1.8
Fire Magic     | 1 |  1.8
Ice Magic      | 1 |  1.8
Air Magic      | 1 |  1.8
Earth Magic    | 1 |  1.8
Poison Magic   | 1 |  1.8
Fighting       | 3 |  3.4
Transmutations | 4 |  4.2
Dodging        | 5 |  5.1
Unarmed Combat | |  6.9

Action                   |  1- 3 |  4- 6 |  7- 9 || total
-------------------------+-------+-------+-------++-------
Melee: Unarmed           |    75 |    18 |       ||    93
       Kick              |    10 |    34 |       ||    44
       Bite              |     6 |    15 |       ||    21
       Headbutt          |     3 |     9 |       ||    12
       Punch             |     2 |     7 |       ||     9
       Dagger            |       |   243 |       ||   243
 Cast: Beastly Appendage |    11 |    13 |       ||    24
       Sticks to Snakes  |       |    17 |       ||    17
  Use: Scroll            |     6 |     5 |       ||    11
 Stab: Sleeping          |     1 |     3 |       ||     4
       Distracted        |       |     1 |       ||     1
  Eat: Chunk             |     2 |     5 |       ||     7
       Ration            |       |     5 |       ||     5
Armor: Robe              |     9 |    43 |       ||    52
Dodge: Dodged            |    52 |   172 |       ||   224

Table legend:
 A = Non-vault XP
 B = Vault XP
 C = Vault XP percentage of total XP
 D = Non-vault monster count
 E = Vault monster count
 F = Vault count percentage of total count
                 A         B        C        D         E       F
            +---------+---------+-------+---------+---------+-------
      Total |     635 |      44 |   6.5 |      77 |      11 |  12.5
            +---------+---------+-------+---------+---------+-------
        D:1 |      20 |       0 |   0.0 |      13 |       0 |   0.0
        D:2 |      64 |       0 |   0.0 |      18 |       0 |   0.0
        D:3 |     269 |      19 |   6.6 |      34 |       4 |  10.5
        D:4 |     282 |      25 |   8.1 |      12 |       7 |  36.8
            +---------+---------+-------+---------+---------+-------
